 Dungeon Crawl Stone Soup version 0.23-a0-619-g281719c (webtiles) character file.

3419 Lavandula the Slicer (level 10, -5/66 HPs)
             Began as a Halfling Enchanter on Dec 23, 2018.
             Was an Initiate of Vehumet.
             Hit by a large rock thrown by a cyclops (25 damage)
             ... on level 11 of the Dungeon.
             The game lasted 00:26:48 (5571 turns).

Lavandula the Slicer (Halfling Enchanter)           Turns: 5571, Time: 00:26:48

Health: -5/66      AC:  9    Str:  9    XL:     10   Next: 25%
Magic:  13/17      EV: 18    Int: 16    God:    Vehumet [......]
Gold:   381        SH:  0    Dex: 16    Spells: 7/19 levels left

rFire    . . .     SeeInvis .   a - +1 dagger
rCold    . . .     Gourm    .   (shield restricted)
rNeg     + . .     Faith    .   v - +1 leather armour of Unreason {rN+} (curse)
rPois    +         Spirit   .   l - +0 helmet
rElec    .         Reflect  .   c - +0 cloak
rCorr    .         Harm     .   (no gloves)
MR       .....                  t - +2 pair of boots {run}
Stlth    ++........             (no amulet)
HPRegen  0.21/turn              D - ring of wizardry
MPRegen  0.15/turn              p - ring of poison resistance

@: quick
A: small, mutation resistance 1
a: Renounce Religion


You were on level 11 of the Dungeon.
You worshipped Vehumet.
Vehumet was noncommittal.
You were not hungry.

You visited 2 branches of the dungeon, and saw 12 of its levels.

You collected 381 gold pieces.

Inventory:

Hand Weapons
 a - a +1 dagger (weapon)
 e - a +0 hunting sling
 m - a +0 whip
 q - a +0 falchion
Armour
 b - a +0 robe
 c - a +0 cloak (worn)
 l - a +0 helmet (worn)
 o - a +2 leather armour of fire resistance
 t - a +2 pair of boots of running (worn)
 v - the cursed +1 leather armour of Unreason (worn) {rN+}
   (You found it on level 7 of the Dungeon)

   It protects you from negative energy.
   It has a curse placed upon it.
Jewellery
 n - an uncursed ring of flight
 p - a ring of poison resistance (right hand)
 D - a ring of wizardry (left hand)
Wands
 z - a wand of clouds (7)
Scrolls
 i - 2 scrolls of teleportation
 s - 2 scrolls of remove curse
 y - a scroll of blinking
Potions
 f - 4 potions of agility
 g - a potion of heal wounds
 h - a potion of invisibility
 k - a potion of magic
 r - a potion of flight {unknown}
 u - 6 potions of curing
 w - a potion of lignification {unknown}
 x - a potion of cancellation {unknown}
 A - 2 potions of haste {unknown}
 B - a potion of berserk rage {unknown}
 C - a potion of brilliance {unknown}
Comestibles
 d - 10 rations


   Skills:
 - Level 5.2 Fighting
 - Level 10.1 Short Blades
 - Level 6.3 Dodging
 - Level 3.2 Stealth
 + Level 5.0 Spellcasting
 - Level 4.1 Hexes


You had 7 spell levels left.
You knew the following spells:

 Your Spells              Type           Power        Failure   Level  Hunger
a - Corona                Hex            ###....      1%          1    None
b - Ensorcelled Hibernat  Hex/Ice        ##....       6%          2    #......
c - Confuse               Hex            ###.....     4%          3    ###....
d - Dazzling Spray        Conj/Hex       ##....       11%         3    ###....
e - Tukima's Dance        Hex            ###.....     4%          3    ###....

Your spell library contained the following spells:

 Spells                   Type           Power        Failure   Level  Hunger
 Haunt                    Necr/Summ      #.........   100%        7    #######
 Borgnjor's Revivificati  Necr           #.........   100%        8    #######
 Death's Door             Chrm/Necr      #.........   100%        8    #######
 Infestation              Necr           #.........   100%        8    #######
 Necromutation            Tmut/Necr      #.........   100%        8    #######


Dungeon Overview and Level Annotations

Branches:
Dungeon (11/15)            Temple (1/1) D:6            Lair (0/6) D:8
    Orc: D:9-12

Altars:
Ashenzari
Dithmenos
Elyvilon
Fedhas
Gozag
Hepliaklqana
Makhleb
Nemelex Xobeh
Okawaru
Qazlal
Trog
Uskayaw
Vehumet
Wu Jian
Xom
Yredelemnul
Zin

Annotations:
D:7 2 transporters, KristoblXynda's ghost, amateur OgGl


Innate Abilities, Weirdness & Mutations

You are small and have problems with some larger weapons.
You are somewhat resistant to further mutation.


Message History

The cyclops is almost dead.
You barely miss the cyclops.
The cyclops is almost dead.
The cyclops completely misses you.
A gargoyle comes into view. It is wielding a +0 mace.
You hit the cyclops but do no damage.
The cyclops is almost dead.
Your leather armour of Unreason prevents you from hitting the cyclops.
The cyclops is almost dead.
The gargoyle hurls a stone arrow at you.
The stone arrow hits you!
* * * LOW HITPOINT WARNING * * *
The gargoyle hurls a stone arrow at you.
The stone arrow misses you.
There is a stone staircase leading up here.
The cyclops is no longer blind.
The gargoyle hurls a stone arrow at you.
The stone arrow misses you.
The cyclops throws a large rock.
The large rock hits you!!
You die...

##########
#........#
+........#
#...)@...#
#........#
#........#
#....C..9....
#..[.....##..
#........# #
######+###


You could see a cyclops and a gargoyle.

Vanquished Creatures
  A hippogriff (D:9)
  A wyvern (D:8)
  A steam dragon (D:9)
  A water moccasin (D:6)
  4 orc warriors
  2 black bears (D:8)
  A hornet zombie (D:9)
  An ice beast (D:6)
  A sky beast (D:6)
  2 ogres
  7 centaurs
  A crocodile (D:8)
  A gnoll sergeant (D:9)
  2 bullfrogs
  2 scorpions (D:4)
  2 howler monkeys
  4 crimson imps
  3 orc priests
  4 hounds
  A gnoll shaman (D:8)
  A bullfrog skeleton (D:5)
  An iguana (D:4)
  2 orc wizards
  6 worker ants
  A hound skeleton (D:4)
  A worker ant zombie (D:8)
  7 gnolls
  A howler monkey skeleton (D:4)
  7 adders
  A shadow imp (D:7)
  An ooze (D:1)
  2 adder skeletons
  A worm (D:4)
  2 dart slugs
  5 leopard geckos
  28 orcs
  3 bats (D:1)
  5 giant cockroaches
  4 goblins
  3 hobgoblins
  3 jackals (D:7)
  4 quokkas
  A frilled lizard (D:1)
  3 kobolds
  4 rats (D:2)
139 creatures vanquished.

Vanquished Creatures (collateral kills)
  2 orcs (D:7)
2 creatures vanquished.

Vanquished Creatures (others)
  3 fungi (D:8)
3 creatures vanquished.

Grand Total: 144 creatures vanquished

Notes
Turn   | Place    | Note
-------+----------+-------------------------------------------
     0 | D:1      | Lavandula the Halfling Enchanter began the quest for the
                  | Orb.
     0 | D:1      | Reached XP level 1. HP: 11/11 MP: 3/3
    82 | D:1      | Reached skill level 2 in Short Blades
    82 | D:1      | Reached XP level 2. HP: 13/17 MP: 1/4
   159 | D:2      | Reached skill level 3 in Short Blades
   189 | D:1      | Reached XP level 3. HP: 13/21 MP: 5/5
   388 | D:2      | Learned a level 2 spell: Ensorcelled Hibernation
   912 | D:2      | Reached XP level 4. HP: 15/27 MP: 6/6
   917 | D:2      | Learned a level 3 spell: Confuse
   991 | D:2      | Found a hide-covered altar of Uskayaw.
  1377 | D:2      | Reached XP level 5. HP: 29/31 MP: 1/9
  1449 | D:3      | Learned a level 3 spell: Dazzling Spray
  1689 | D:3      | Found a shimmering altar of Xom.
  1704 | D:3      | Reached XP level 6. HP: 35/36 MP: 0/11
  1709 | D:3      | Learned a level 3 spell: Tukima's Dance
  1819 | D:5      | Entered Level 5 of the Dungeon
  1965 | D:3      | Found an opulent altar of Gozag.
  2101 | D:4      | Reached XP level 7. HP: 41/41 MP: 8/12
  2174 | D:4      | Reached skill level 4 in Short Blades
  2259 | D:5      | Identified a +2 pair of boots of running (You found it on
                  | level 5 of the Dungeon)
  2259 | D:5      | nice
  2271 | D:5      | Reached skill level 5 in Short Blades
  2585 | D:5      | Reached skill level 6 in Short Blades
  2597 | D:5      | Reached XP level 8. HP: 46/46 MP: 5/13
  2735 | D:6      | Reached skill level 7 in Short Blades
  2794 | D:7      | Found a glowing silver altar of Zin.
  2794 | D:7      | Found a transporter.
  2800 | D:7      | Noticed KristoblXynda's ghost (amateur OgGl)
  2813 | D:7      | Found a transporter.
  2867 | D:7      | Reached skill level 8 in Short Blades
  2995 | D:7      | Found a burning altar of Makhleb.
  3032 | D:8      | Found a staircase to the Lair.
  3033 | D:8      | Reached skill level 9 in Short Blades
  3144 | D:7      | Found a hazy altar of Hepliaklqana.
  3384 | D:7      | Got a jet-encrusted leather armour
  3395 | D:7      | Identified the cursed +1 leather armour of Unreason {rN+}
                  | (You found it on level 7 of the Dungeon)
  3535 | D:6      | Found a burning altar of Makhleb.
  3535 | D:6      | Found a glowing silver altar of Zin.
  3536 | D:6      | Noticed an angel
  3536 | D:6      | Noticed a balrug
  3566 | D:6      | Reached skill level 10 in Short Blades
  3566 | D:6      | Reached XP level 9. HP: 51/51 MP: 10/14
  3670 | D:6      | Noticed a green ugly thing
  3836 | D:6      | Reached skill level 5 in Dodging
  3951 | D:6      | Found a staircase to the Ecumenical Temple.
  3956 | Temple   | Entered the Ecumenical Temple
  4012 | Temple   | Became a worshipper of Vehumet
  4522 | D:8      | Reached skill level 1 in Fighting
  4859 | D:8      | Found an iron altar of Okawaru.
  4860 | D:8      | Found a bloodstained altar of Trog.
  5030 | D:9      | Noticed a hippogriff
  5036 | D:9      | Killed a hippogriff
  5036 | D:9      | Reached XP level 10. HP: 46/65 MP: 8/15
  5132 | D:9      | Reached skill level 5 in Fighting
  5332 | D:10     | Entered Level 10 of the Dungeon
  5444 | D:10     | Reached skill level 5 in Spellcasting
  5557 | D:11     | Noticed a cyclops
  5566 | D:11     | Noticed a gargoyle
  5571 | D:11     | Hit by a large rock thrown by a cyclops

Vault maps used:
D:1:      lightli_arrival_chessboard, minmay_tree_intersection,
          skrybe_limestone_x, minmay_misc_feat_more_columns
D:2:      lemuel_crystal_altar, first_ration
D:3:      led_xom_imps, nicolae_overflow_hidden_temple,
          nicolae_ru_path_of_blood, chequers_ecumenical_altar_grove,
          uniq_sigmund, uniq_terence
D:4:      minmay_checkerbox
D:5:      kennysheep_okawaru_gauntlet
D:6:      grunt_temple_overflow_order_and_chaos_2,
          minmay_temple_entry_nine_rooms
D:7:      nicolae_overflow_crystal_walls, basic_altar,
          gammafunk_ghost_stat_death, bloody_makhleb
D:8:      grunt_temple_overflow_bloody_war, led_sif_book, old_standard_altar,
          kiku_gazebo_pond_becter, due_lair_maze_entry_diamond
D:9:      slow_altar_1, guppyfry_shop_venom
D:10:     david_orc_5, grunt_pizzeria, centaur_isle
D:11:     serial_shops, shop_coins, basic_altar, minmay_misc_feat_x
Temple:   kb_temple_of_zot

Skill      XL: |  1  2  3  4  5  6  7  8  9 10 |
---------------+-------------------------------+-----
Short Blades   | 2 3 6 10 | 10.1
Spellcasting   | 2 3 5 |  5.0
Hexes          | 3 4 |  4.1
Dodging        | 6 |  6.3
Fighting       | 4 5 |  5.2
Stealth        | |  3.2

Action                   |  1- 3 |  4- 6 |  7- 9 | 10-12 || total
-------------------------+-------+-------+-------+-------++-------
Melee: Dagger            |   109 |   111 |   313 |    71 ||   604
       Falchion          |       |       |     9 |       ||     9
 Cast: Corona            |     9 |     4 |       |       ||    13
       Ensorcelled Hiber |     2 |    17 |    69 |     5 ||    93
       Dazzling Spray    |       |     1 |    18 |     5 ||    24
       Confuse           |       |       |     3 |     8 ||    11
       Tukima's Dance    |       |       |     3 |       ||     3
  Use: Scroll            |     1 |     1 |     7 |     1 ||    10
       Potion            |     1 |       |       |       ||     1
 Stab: Sleeping          |     5 |    18 |    32 |     1 ||    56
       Invisible         |       |       |    14 |     7 ||    21
       Confused          |       |       |     3 |     2 ||     5
  Eat: Chunk             |     1 |     5 |    15 |     3 ||    24
Armor: Robe              |    11 |     8 |       |       ||    19
       Leather armour    |       |     8 |    87 |    14 ||   109
Dodge: Dodged            |    75 |    75 |   215 |    69 ||   434
       Rpst.: Falchion   |       |       |     3 |       ||     3

Table legend:
 A = Non-vault XP
 B = Vault XP
 C = Vault XP percentage of total XP
 D = Non-vault monster count
 E = Vault monster count
 F = Vault count percentage of total count
                 A         B        C        D         E       F
            +---------+---------+-------+---------+---------+-------
      Total |    3621 |    1264 |  25.9 |     127 |      14 |   9.9
            +---------+---------+-------+---------+---------+-------
        D:1 |      27 |       0 |   0.0 |      11 |       0 |   0.0
        D:2 |     122 |       0 |   0.0 |      23 |       0 |   0.0
        D:3 |      43 |      50 |  53.8 |       2 |       1 |  33.3
        D:4 |     325 |      92 |  22.1 |      14 |       4 |  22.2
        D:5 |     358 |       0 |   0.0 |      12 |       0 |   0.0
        D:6 |    1031 |       0 |   0.0 |      20 |       0 |   0.0
        D:7 |     540 |       0 |   0.0 |      16 |       0 |   0.0
        D:8 |     333 |     786 |  70.2 |      11 |       6 |  35.3
        D:9 |     842 |       0 |   0.0 |      18 |       0 |   0.0
       D:10 |       0 |     336 | 100.0 |       0 |       3 | 100.0
            +---------+---------+-------+---------+---------+-------
